 Dungeon Crawl Stone Soup version 0.30.0-29-ga12c61a403 (webtiles) character file.

Game seed: 3059446510916016069

47 IndexError the Magician (level 3, -5/25 HPs)
             Began as a Djinni Conjurer on June 7, 2023.
             Slain by Natasha (7 damage)
             ... on level 2 of the Dungeon.
             The game lasted 00:01:25 (934 turns).

IndexError the Magician (Djinni Conjurer)            Turns: 934, Time: 00:01:25

Health: -5/25      AC:  2    Str:  6    XL:     3   Next: 97%
Gold:   69         EV: 12    Int: 21    God:
                   SH:  0    Dex: 11

rFire   + + .        e - +0 dagger
rCold   x . .        (no shield)
rNeg    . . .        a - +0 robe
rPois   ∞            (no helmet)
rElec   .            (no cloak)
rCorr   .            (no gloves)
SInv    .            (boots unavailable)
Will    .....        (no amulet)
Stlth   ++           (no ring)
HPRegen 0.24/turn    (no ring)
MPRegen 0.00/turn

%: infuse magic (-6 HP)
@: flying
A: sickness immunity, fire resistance 2, cold vulnerability 1, float, innate
caster, HP casting, extra vitality 1
a: no special abilities


You were on level 2 of the Dungeon.
You visited 1 branch of the dungeon, and saw 2 of its levels.

You collected 69 gold pieces.

Inventory:

Hand Weapons
 e - a +0 dagger (weapon)
   (You took it off a goblin on level 1 of the Dungeon)
 i - a +0 sling
   (You found it on level 1 of the Dungeon)
 k - a +0 dagger
   (You took it off a goblin on level 1 of the Dungeon)
 m - a +0 club
   (You took it off a kobold on level 1 of the Dungeon)
Missiles
 c - 5 curare-tipped darts
 n - 3 javelins
Armour
 a - a +0 robe (worn)
Wands
 o - a wand of mindburst (17)
   (You found it on level 2 of the Dungeon)
Scrolls
 d - 3 scrolls of teleportation {unknown}
 f - a scroll of amnesia {unknown}
 g - a scroll of magic mapping {unknown}
 h - a scroll of identify {unknown}
 j - a scroll of silence {unknown}
 l - 5 scrolls of immolation {unknown}
 p - a scroll of blinking {unknown}
Potions
 b - 2 potions of degeneration {unknown}


   Skills:
 - Level 2.1 Dodging
 - Level 1.5 Stealth
 + Level 4.2 Spellcasting


You knew the following spells:

 Your Spells              Type           Power      Damage    Failure   Level
a - Magic Dart            Conj           88%        1d7       1%          1
b - Searing Ray           Conj           44%        2d6       3%          2
c - Dazzling Flash        Conj/Hex       44%        N/A       6%          3
d - Fulminant Prism       Conj/Hex       11%        3d8       21%         4
e - Kiss of Death         Conj/Necr      88%        2d12      1%          1
x - Iskenderun's Mystic   Conj/Tloc      22%        2d6       21%         4
Your spell library was empty.

Dungeon Overview and Level Annotations

Branches:
Dungeon (2/15)

Altars:

Annotations:
D:2 Natasha, Terence


Innate Abilities, Weirdness & Mutations

You are immune to sickness and miasma.
You are immune to poison.
Your flesh is very heat resistant. (rF++)
You are vulnerable to cold. (rC-)
You float through the air rather than walking.
You learn spells naturally, not from books.
Your magical power is your life essence.
You have superior vitality. (+4 MHP)


Message History

A goblin comes into view. It is wielding a +0 club.
Health restored: 25 The magic dart hits the goblin.
You can't see any susceptible monsters within range! (Use Z to cast anyway.)
There is a stone staircase leading up here.
The magic dart hits the goblin.
The magic dart hits the goblin.
You take 1 damage, and have 24/25 hp.
You fly upwards.
There is a stone staircase leading down here.
HP restored.
You see here a +0 scale mail.
There is a stone staircase leading down here.
Health restored: 25 You fly downwards.
The frilled lizard hisses angrily.
The frilled lizard bites you.
There is a stone staircase leading up here.
You take 2 damage, and have 23/25 hp.
The magic dart hits the frilled lizard.
You take 1 damage, and have 22/25 hp.
You miscast Magic Dart.
You are very lightly contaminated with residual magic.
Nothing appears to happen.
The hobgoblin misses you.
You take 1 damage, and have 21/25 hp.
The magic dart hits the hobgoblin.
The hobgoblin shouts!
You take 1 damage, and have 20/25 hp.
The magic dart hits the hobgoblin!
You can't see any susceptible monsters within range! (Use Z to cast anyway.)
You can't see any susceptible monsters within range! (Use Z to cast anyway.)
Your magical contamination has completely faded away.
HP restored.
o - a wand of mindburst (17) Health restored: 25 You see here a +0 whip.
Found a stone staircase leading down.
You now have 44 gold pieces (gained 10).
A giant cockroach comes into view.
The giant cockroach moves out of view.
A giant cockroach is nearby!
The magic dart hits the giant cockroach.
You take 1 damage, and have 24/25 hp.
The magic dart hits the giant cockroach.
You take 1 damage, and have 23/25 hp.
You can't see any susceptible monsters within range! (Use Z to cast anyway.)
You now have 52 gold pieces (gained 8).
d - 3 scrolls labelled QORAOW DICWUMU (gained 1)
You now have 59 gold pieces (gained 7).
You now have 69 gold pieces (gained 10).
A quokka comes into view.
Health restored: 25 A quokka is nearby!
A quokka is nearby!
A quokka is nearby!
The magic dart hits the quokka.
You take 1 damage, and have 24/25 hp.
The magic dart hits the quokka.
You can't see any susceptible monsters within range! (Use Z to cast anyway.)
p - a scroll labelled ROT SAHUUHA Health restored: 25
Found a stone staircase leading down.
Terence the Incautious comes into view.
He is wielding a +1 flail of protection.
Terence shouts!
The magic dart hits Terence.
Natasha, Servant of Life and Death comes into view.
You take 1 damage, and have 24/25 hp.
The magic dart hits Terence but does no damage.
You take 1 damage, and have 23/25 hp.
The magic dart hits Terence but does no damage.
You take 1 damage, and have 22/25 hp.
Terence says, "Don't bother to defend, it's senseless."
Casting: Magic Dart (safe; 1% risk of failure)
Confirm with . or Enter, or press ? or * to list all spells.
Aiming: Searing Ray (safe; 3% risk of failure)
Press: ? - help, Shift-Dir - straight line, f/p - Terence
Aim: Terence, wielding a +1 flail of protection and wearing a +0 chain mail (lightly wounded, 84% to hit)
The searing ray hits Terence but does no damage. (Press . to maintain the ray.)
You take 2 damage, and have 21/25 hp.
The searing ray hits Natasha!
The searing ray misses Terence.
Natasha claws you!
You take 10 damage, and have 11/25 hp.
MASSIVE DAMAGE!!
The searing ray misses Natasha.
The searing ray hits Terence but does no damage.
Natasha claws you.
* * * LOW HITPOINT WARNING * * *
You take 7 damage, and have 4/25 hp.
MASSIVE DAMAGE!!
The searing ray hits Natasha!
The searing ray hits Terence.
* * * LOW HITPOINT WARNING * * *
You finish channelling your searing ray.
Natasha claws you.
* * * LOW HITPOINT WARNING * * *
You take 2 damage, and have 2/25 hp.
Casting: Searing Ray (safe; 3% risk of failure)
Confirm with . or Enter, or press ? or * to list all spells.
You don't have enough health to cast this spell.
Unknown command.
Natasha attacks as you move away! Natasha claws you!
You die...

...........<†...#
....##..........##
.................#
. ####.........##
#.........#
#.........#
###......##
#..###..# .†# ##@#
##### . #h#......
#@.......
...............
...........>...
...###......... ..
##.....)..
#.....[..
#.#......


You could see Terence and Natasha.

Vanquished Creatures
  An adder (D:2)
  2 ball pythons (D:1)
  3 bats (D:1)
  2 endoplasms (D:1)
  4 giant cockroaches
  4 goblins
  4 hobgoblins
  4 jackals (D:1)
  2 quokkas
  3 frilled lizards
  2 kobolds (D:1)
  A rat (D:1)
32 creatures vanquished.

Notes
Turn   | Place    | Note
-------+----------+-------------------------------------------
     0 | D:1      | IndexError the Djinni Conjurer began the quest for the Orb.
     0 | D:1      | IndexError set off with the following spells memorised:
                  | Magic Dart, Searing Ray, Dazzling Flash, Fulminant Prism,
                  | Iskenderun's Mystic Blast.
     0 | D:1      | Reached XP level 1. HP: 15/15 MP: 0/0
    41 | D:1      | Reached XP level 2. HP: 14/21 MP: 0/0
   270 | D:1      | Reached XP level 3. HP: 13/25 MP: 0/0
   270 | D:1      | Learned a level 1 spell: Kiss of Death
   489 | D:1      | Reached skill level 4 in Spellcasting
   924 | D:2      | Noticed Terence
   925 | D:2      | Noticed Natasha
   932 | D:2      | HP: 4/25 [Natasha (6)]
   934 | D:2      | Slain by Natasha

Illustrated notes

Levels and vault maps discovered:
D:1:      dpeg_arrival_rhombus, layout_basic, corexii_item_surrounded_by_moat,
          minmay_pentomino_w4
D:2:      layout_rooms, shapermc_ecumenical_altar_pompeii,
          small_statue_intersection, uniq_natasha, uniq_terence

Skill      XL: |  1  2  3 |
---------------+----------+-----
Spellcasting   | 4 |  4.2
Dodging        | |  2.1
Stealth        | |  1.5

Action                     || total
---------------------------++-------
   Cast: Magic Dart        ||    62
         Searing Ray       ||     2
  Dodge: Dodged            ||     2

Levels and vault maps discovered:
D:1:      dpeg_arrival_rhombus, layout_basic, corexii_item_surrounded_by_moat,
          minmay_pentomino_w4
D:2:      layout_rooms, shapermc_ecumenical_altar_pompeii,
          small_statue_intersection, uniq_natasha, uniq_terence

Table legend: (Time is in decaauts)
 A = Elapsed time spent in this place.
 B = Non-inter-level travel time spent in this place.
 C = Inter-level travel time spent in this place.
 D = Time resting spent in this place.
 E = Time spent auto-exploring this place.
 F = Levels seen in this place.
 G = Mean time per level.
                   A        B        C        D        E       F      G
               +--------+--------+--------+--------+--------+-----+--------+
         Total |    933 |    840 |     93 |      0 |    711 |   2 |  466.5 |
       Dungeon |    933 |    840 |     93 |      0 |    711 |   2 |  466.5 |
               +--------+--------+--------+--------+--------+-----+--------+

Top non-repeatable levels by time:
     D:1: 778 daAuts
     D:2: 155 daAuts

Table legend:
 A = Kills in this place as a percentage of kills in the entire game.
 B = Kills by you in this place as a percentage of kills by you in the entire game.
 C = Kills by friends in this place as a percentage of kills by friends in the entire game.
 D = Other kills in this place as a percentage of other kills in the entire game.
 E = Experience gained in this place as a percentage of experience gained in the entire game.
 F = Experience gained in this place divided by the number of levels of this place that you have seen.
                   A       B       C       D       E      F
               +-------+-------+-------+-------+-------+----------------------
         Total | 100.0 | 100.0 |   N/A |   N/A | 100.0 |  34.0
       Dungeon | 100.0 | 100.0 |   N/A |   N/A | 100.0 |  34.0
               +-------+-------+-------+-------+-------+----------------------
